 Dungeon Crawl Stone Soup version 0.24-a0-201-gf205589 (webtiles) character file.

Game seed: 6365702001113789140

2797 Borgoz the Covered (level 10, -2/97 HPs)
             Began as a Halfling Fighter on Mar 24, 2019.
             Was a Follower of Ashenzari.
             Slain by a two-headed ogre
             ... wielding a +0 giant spiked club
              (16 damage)
             ... on level 8 of the Dungeon.
             The game lasted 00:09:53 (6905 turns).

Borgoz the Covered (Halfling Fighter)               Turns: 6905, Time: 00:09:54

Health: -2/97      AC:  7    Str: 22    XL:     10   Next: 2%
Magic:  13/13      EV: 14    Int:  8    God:    Ashenzari [*.....]
Gold:   464        SH: 11    Dex: 19    Spells: 14/14 levels left

rFire    + . .     SeeInvis .   v - +5 rapier of Makhleb's Reproof {vamp, rF+}
rCold    . . .     Gourm    .   c - +0 shield
rNeg     . . .     Faith    .   b - +0 scale mail
rPois    .         Spirit   .   (no helmet)
rElec    .         Reflect  .   (no cloak)
rCorr    .         Harm     .   (no gloves)
MR       .....                  (no boots)
Stlth    ..........             K - amulet of rage
HPRegen  0.26/turn              y - ring of wizardry
MPRegen  0.13/turn              n - +3 ring of dexterity

@: berserking, very quick
A: small, mutation resistance 1
a: Curse Item, Scrying, Renounce Religion, Evoke Berserk Rage


You were on level 8 of the Dungeon.
You worshipped Ashenzari.
Ashenzari was aware of your devotion.
You were not hungry.

You visited 2 branches of the dungeon, and saw 9 of its levels.

You collected 464 gold pieces.

Inventory:

Hand Weapons
 a - a +0 rapier
 g - a +0 short sword of venom
 r - a +2 dagger of draining
 v - the +5 rapier of Makhleb's Reproof (weapon) {vamp, rF+}
   (You found it on level 4 of the Dungeon)

   It inflicts no extra harm, but heals its wielder when it wounds a living foe.
   It protects you from fire.
 H - a +3 short sword
Missiles
 p - 2 needles of sleeping
 q - 79 poisoned needles
 A - 2 throwing nets (quivered)
Armour
 b - a +0 scale mail (worn)
 c - a +0 shield (worn)
Jewellery
 n - a +3 ring of dexterity (right hand)
 y - a ring of wizardry (left hand)
 B - an uncursed ring of see invisible
 E - an uncursed ring of wizardry
 K - an amulet of rage (around neck)
Wands
 e - a wand of disintegration (11)
 F - a wand of enslavement (5)
Scrolls
 h - 4 scrolls of remove curse
 i - 2 scrolls of fog {unknown}
 j - a scroll of enchant weapon {unknown}
 m - 5 scrolls of teleportation
 s - 3 scrolls of fear {unknown}
 u - 2 scrolls of magic mapping {unknown}
 z - a scroll of blinking {unknown}
 J - a scroll of torment {unknown}
Potions
 d - a potion of might
 k - a potion of resistance
 l - a potion of magic
 o - 3 potions of brilliance
 t - 3 potions of heal wounds
 w - a potion of curing
 x - 2 potions of mutation {unknown}
 C - 3 potions of flight
 D - 2 potions of degeneration {unknown}
 G - a potion of lignification {unknown}
 I - a potion of agility {unknown}
Comestibles
 f - 13 rations


   Skills:
 + Level 4.4 Fighting
 * Level 6.8 Short Blades
 + Level 3.5 Throwing
 * Level 6.9 Armour
 * Level 5.9 Dodging
 + Level 4.2 Stealth
 + Level 5.4 Shields
 + Level 2.6 Spellcasting
 + Level 1.7 Evocations


You had 14 spell levels left.
You didn't know any spells.
Your spell library was empty.

Dungeon Overview and Level Annotations

Branches:
Dungeon (8/15)             Temple (1/1) D:5
   Lair: D:8-11

Altars:
Ashenzari
Dithmenos
Elyvilon
Fedhas
Gozag
Hepliaklqana
Kikubaaqudgha
Makhleb
Nemelex Xobeh
Okawaru
Qazlal
Ru
Trog
Uskayaw
Wu Jian
Xom
Yredelemnul
Zin
The Shining One

Shops:
D:4 }   D:5 (


Innate Abilities, Weirdness & Mutations

You are small and have problems with some larger weapons.
You are somewhat resistant to further mutation.


Message History

The two-headed ogre barely misses you.
The two-headed ogre hits you with a +0 giant club!
You are too injured to fight recklessly!
You are too injured to fight recklessly!
You are too injured to fight recklessly!
Okay, then.
A red film seems to cover your vision as you go berserk!
You feel yourself moving faster!
You feel mighty!
You feel a lot more hungry.
You closely miss the two-headed ogre.
The two-headed ogre is heavily wounded.
You block the two-headed ogre's attack.
The two-headed ogre hits you with a +0 giant club.
You barely miss the two-headed ogre.
The two-headed ogre is heavily wounded.
You hit the two-headed ogre.
The two-headed ogre is heavily wounded.
The two-headed ogre hits you with a +0 giant spiked club!!
* * * LOW HITPOINT WARNING * * *
The two-headed ogre hits you with a +0 giant club!
You die...

...... .. ...#...
#......##.# ...#...
%(........ .......
.......... .......
.........## .......
..........## .......
...........##z......
...........@OFz.....
.......<.####hH.....
.......†.# .......
.........# ##.....
...#.....# ..... ..
####... ..?. . #....
... ..... ... #.....


You could see a two-headed ogre, a hippogriff, a black bear, a bullfrog and 2
wights.

Vanquished Creatures
  Pikel (D:7)
  A hungry ghost (D:7)
  An ice beast (D:6)
  An orc warrior (D:6)
  A slave (D:7)
  An ogre (D:6)
  3 centaurs
  4 bullfrogs (D:6)
  A water moccasin zombie (D:6)
  11 killer bees
  2 howler monkeys
  A bullfrog zombie (D:6)
  A crimson imp (D:6)
  A centaur zombie (D:6)
  An orc priest (D:6)
  3 bullfrog skeletons
  3 hounds
  2 gnoll shamans
  Jessica (D:2)
  2 iguanas
  2 orc wizards (D:6)
  5 worker ants
  A hound skeleton (D:7)
  A worker ant zombie (D:6)
  2 howler monkey skeletons
  7 gnolls
  6 adders
  A shadow imp (D:7)
  An adder skeleton (D:6)
  3 worms
  A dart slug (D:1)
  6 leopard geckos
  11 orcs
  6 bats
  4 giant cockroaches
  7 hobgoblins
  10 kobolds
  8 quokkas
  2 frilled lizards (D:2)
  A giant cockroach zombie (D:2)
  3 goblins (D:2)
  A quokka skeleton (D:6)
  5 rats
136 creatures vanquished.

Vanquished Creatures (others)
  A centaur (D:7)
1 creature vanquished.

Grand Total: 137 creatures vanquished

Notes
Turn   | Place    | Note
-------+----------+-------------------------------------------
     0 | D:1      | Borgoz the Halfling Fighter began the quest for the Orb.
     0 | D:1      | Reached XP level 1. HP: 15/15 MP: 1/1
    63 | D:1      | Reached XP level 2. HP: 19/20 MP: 2/2
   252 | D:1      | Reached skill level 1 in Dodging
   490 | D:1      | Reached XP level 3. HP: 25/25 MP: 3/3
   811 | D:2      | Noticed Jessica
   819 | D:2      | Killed Jessica
   819 | D:2      | Reached XP level 4. HP: 26/30 MP: 4/4
   879 | D:2      | Found a white marble altar of Elyvilon.
  1567 | D:3      | Found a glowing golden altar of the Shining One.
  1674 | D:3      | Found an iron altar of Okawaru.
  2041 | D:3      | Reached XP level 5. HP: 31/36 MP: 5/5
  2570 | D:4      | Reached skill level 1 in Throwing
  2615 | D:4      | Found Xoath's Gadget Shoppe.
  2639 | D:4      | Reached skill level 1 in Stealth
  2915 | D:4      | Reached XP level 6. HP: 42/42 MP: 7/7
  2942 | D:4      | Got a crude rapier
  2945 | D:4      | Identified the +5 rapier of Makhleb's Reproof {vamp, rF+}
                  | (You found it on level 4 of the Dungeon)
  2970 | D:4      | Found a blossoming altar of Fedhas.
  3209 | D:5      | Entered Level 5 of the Dungeon
  3382 | D:5      | Reached skill level 1 in Spellcasting
  3437 | D:5      | Found Ceviary's Weapon Shop.
  3457 | D:5      | Found a staircase to the Ecumenical Temple.
  3480 | Temple   | Entered the Ecumenical Temple
  3700 | Temple   | Became a worshipper of Ashenzari the Shackled
  4698 | D:6      | Found an opulent altar of Gozag.
  4756 | D:6      | Reached XP level 7. HP: 45/46 MP: 8/8
  4959 | D:6      | Reached skill level 5 in Armour
  4962 | D:6      | Reached XP level 8. HP: 42/52 MP: 10/10
  5173 | D:6      | Reached skill level 5 in Short Blades
  5490 | D:6      | Reached XP level 9. HP: 58/58 MP: 12/12
  5701 | D:7      | Reached skill level 5 in Dodging
  5704 | D:7      | Reached skill level 5 in Shields
  5904 | D:7      | Noticed Pikel
  5924 | D:7      | Killed Pikel
  5924 | D:7      | Reached skill level 1 in Evocations
  6383 | D:7      | Reached * piety under Ashenzari
  6755 | D:8      | Reached XP level 10. HP: 48/65 MP: 13/13
  6890 | D:8      | Noticed a two-headed ogre
  6905 | D:8      | Slain by a two-headed ogre

Levels and vault maps discovered:
D:1:      saegor_arrival_miasma, layout_basic
D:2:      layout_loops_corners, elyvilon_altar_4, first_ration, chequers_jeans,
          minmay_quadrilaterals, uniq_jessica
D:3:      layout_loops_corners, okawaru_ov_weapons_minmay,
          minmay_misc_feat_square, grunt_ministairs_5,
          nicolae_tso_carved_into_rock
D:4:      layout_gridville, old_standard_altar, serial_shops, shop
D:5:      layout_layer_cave, minmay_temple_entry_mini_moons, serial_shops, shop
D:6:      layout_basic, nicolae_gozag_cash_rules_everything_around_me,
          nzn_random_ring
D:7:      layout_basic, nicolae_overflow_hidden_temple, uniq_pikel
D:8:      layout_cave_pools
Temple:   regret_index_temple_generic_petals

Skill      XL: |  1  2  3  4  5  6  7  8  9 |
---------------+----------------------------+-----
Dodging        | 1 2 3 4 5 |  5.9
Short Blades   | 3 4 5 6 |  6.8
Fighting       | 3 4 |  4.4
Armour         | 4 5 6 |  6.9
Throwing       | 1 2 3 |  3.5
Stealth        | 1 2 3 4 |  4.2
Spellcasting   | 1 2 |  2.6
Shields        | 4 5 |  5.4
Evocations     | 1 |  1.7

Action                   |  1- 3 |  4- 6 |  7- 9 | 10-12 || total
-------------------------+-------+-------+-------+-------++-------
Melee: Rapier            |    17 |    50 |   319 |    19 ||   405
       Short sword       |    52 |   145 |       |       ||   197
 Abil: Evoke Berserk Rag |       |       |       |     1 ||     1
  Use: Potion            |       |     1 |     6 |       ||     7
       Scroll            |       |     7 |     1 |       ||     8
 Stab: Sleeping          |       |       |     1 |       ||     1
  Eat: Chunk             |       |     6 |     6 |       ||    12
       Ration            |       |     3 |     2 |       ||     5
Armor: Scale mail        |    15 |    45 |    74 |     3 ||   137
Dodge: Dodged            |    20 |    87 |   157 |    15 ||   279
Block: Shield            |    35 |   100 |   155 |    10 ||   300

Table legend:
 A = Non-vault XP
 B = Vault XP
 C = Vault XP percentage of total XP
 D = Non-vault monster count
 E = Vault monster count
 F = Vault count percentage of total count
                 A         B        C        D         E       F
            +---------+---------+-------+---------+---------+-------
      Total |    2591 |    1406 |  35.2 |     114 |      21 |  15.6
            +---------+---------+-------+---------+---------+-------
        D:1 |      43 |       0 |   0.0 |      16 |       0 |   0.0
        D:2 |      21 |      45 |  68.2 |      13 |       5 |  27.8
        D:3 |      39 |       4 |   9.3 |      14 |       2 |  12.5
        D:4 |     125 |       0 |   0.0 |      11 |       0 |   0.0
        D:5 |     152 |       0 |   0.0 |       9 |       0 |   0.0
        D:6 |     893 |     750 |  45.6 |      25 |      13 |  34.2
        D:7 |    1130 |     607 |  34.9 |      23 |       1 |   4.2
        D:8 |     188 |       0 |   0.0 |       3 |       0 |   0.0
            +---------+---------+-------+---------+---------+-------
